 Dungeon Sprint DCSS version 0.22-a0-358-g7563fe7 (webtiles) character file.

37 KristoblXynda the Slasher (level 3, -3/29 HPs)
             Began as a Draconian Gladiator on Apr 18, 2018.
             Killed from afar by an orc wizard (8 damage)
             ... with a puff of frost
             ... in the Dungeon (Sprint IX: "|||||||||||||||||||||||||||||").
             The game lasted 00:00:23 (185 turns).

KristoblXynda the Slasher (Draconian Gladiator)      Turns: 185, Time: 00:00:24

Health: -3/29      AC:  5    Str: 17    XL:     3   Next: 21%
Magic:  3/3        EV: 14    Int:  8    God:
Gold:   0          SH:  0    Dex: 12    Spells: 2/2 levels left

rFire    . . .     SeeInvis .   a - +0 long sword
rCold    . . .     Gourm    .   (no shield)
rNeg     . . .     Faith    .   (armour unavailable)
rPois    .         Spirit   .   b - +0 hat
rElec    .         Reflect  .   (no cloak)
rCorr    .         Harm     .   (no gloves)
MR       .....     NoTele   +   (no boots)
Stlth    +.........             (no amulet)
HPRegen  0.09/turn              (no ring)
MPRegen  0.08/turn              (no ring)

@: lethally poisoned (-3 -> -6)
A: unfitting armour, cold-blooded, AC +5
a: no special abilities


You were in the Dungeon.
You were not hungry.

You visited 1 branch

Inventory:

Hand Weapons
 a - a +0 long sword (weapon)
Missiles
 c - 3 throwing nets (quivered)
Armour
 b - a +0 hat (worn)
Scrolls
 j - a scroll of blinking
Potions
 g - a potion of haste
 h - 2 potions of magic
 i - a potion of berserk rage
Comestibles
 d - a ration


   Skills:
 - Level 2.1 Fighting
 * Level 6.0 Long Blades
 - Level 1.7 Throwing
 + Level 4.3 Dodging


You had 2 spell levels left.
You didn't know any spells.

Dungeon Overview and Level Annotations

Branches:
Dungeon (1/1)

Altars:


Innate Abilities, Weirdness & Mutations

Your plain brown scales are hard. (AC +5)
You cannot fit into any form of body armour.
You are cold-blooded and may be slowed by cold attacks.


Message History

You closely miss something. Something hits you but does no damage.
Something hits you.
You barely miss something.
Your tail-slap misses something.
You feel sick. Something hits you but does no damage.
You barely miss something.
Your tail-slap misses something.
Something hits you but does no damage.
You hear some strange, mumbled words.
A puff of frost appears from out of thin air!
The puff of frost hits you!
* * * LOW HITPOINT WARNING * * *
You closely miss something. You tail-slap something.
You feel sick. Something hits you but does no damage.
Something barely misses you.
You closely miss something.
Your tail-slap misses something.
Something hits you but does no damage.
You closely miss something. Something hits you.
* * * LOW HITPOINT WARNING * * *
You hear some strange, mumbled words.
A puff of frost appears from out of thin air!
The puff of frost hits you!
You die... ▓▓▓▓▓▓▓▓▓▓▓▓▓▓▓▓▓▓ ▓<...')...@{.....+ ▓▓▓▓▓▓▓▓▓▓▓▓▓▓▓▓▓▓

There were no monsters in sight!

Vanquished Creatures
  A worker ant (D)
  An ooze (D)
  A leopard gecko (D)
  An orc (D)
  A bat (D)
  A giant cockroach (D)
  A hobgoblin (D)
  A kobold (D)
  A rat (D)
9 creatures vanquished.

Notes
Turn   | Place    | Note
-------+----------+-------------------------------------------
     0 | D        | KristoblXynda the Draconian Gladiator began the quest for the Orb.
     0 | D        | Reached XP level 1. HP: 17/17 MP: 1/1
    15 | D        | Reached skill level 4 in Long Blades
    17 | D        | Reached XP level 2. HP: 11/24 MP: 2/2
   173 | D        | Reached skill level 6 in Long Blades
   173 | D        | Reached XP level 3. HP: 7/29 MP: 3/3
   185 | D        | Killed from afar by an orc wizard

Vault maps used:
D:        linesprint

Skill      XL: |  1  2 |
---------------+-------+-----
Dodging        | 3 4 |  4.3
Long Blades    | 4 6 |  6.0
Fighting       | |  2.1
Throwing       | |  1.7

Action                   || total
-------------------------++-------
Melee: Long sword        ||    36
       Tailslap          ||     5
  Use: Potion            ||     2
Armor: Skin              ||    17
Dodge: Dodged            ||    15
       Rpst.: Long sword ||     7

Table legend:
 A = Spawn XP
 B = Non-spawn XP
 C = Spawn XP percentage of total XP
 D = Spawn monster count
 E = Non-spawn monster count
 F = Spawn count percentage of total count
 G = Total turns spent on level
                    A         B        C        D         E        F      G
               +---------+---------+-------+---------+---------+-------+---------
         Total |       0 |      53 |   0.0 |       0 |       9 |   0.0 |   185
               +---------+---------+-------+---------+---------+-------+---------
             D |       0 |      53 |   0.0 |       0 |       9 |   0.0 |   185
               +---------+---------+-------+---------+---------+-------+---------
